AoeStats
← 普通NPC一枚

Four Lakes

509043173Analyzed
1v1 RM · 6d ago on Sep 25, 2026· 33m 11s· 2 players
Game mode
Random Map
Map size
Tiny (2 player)
Population
200
Speed
Normal
Resources
Standard
Victory
Conquest
Starting age
Dark Age
Ending age
Imperial Age
RankedLock teamsTeams togetherTeam positionsShared explorationLock speedFull tech treeHidden civsTurbo modeCheats
Victory
Defeat
🇨🇳 Vikings · China
984
+14
🇨🇳 Dravidians · China
951
-14
hco1990
3:32 Loom
10:17 Feudal Age
11:02 Man-at-Arms
12:55 Horse Collar
16:12 Arson
17:12 Wheelbarrow
17:18 Double-Bit Axe
21:51 Castle Age
20:18 Stone Mining
20:19 Gold Mining
22:53 Bow Saw
22:46 Heavy Plow
24:38 Thumb Ring
25:35 Hand Cart
25:37 Padded Archer Armor
25:27 Fletching
25:06 Long Swordsman
25:33 Gambesons
27:25 Bodkin Arrow
28:30 Forging
31:13 Iron Casting
33:03 Squires
普通NPC一枚
12:40 Feudal Age
13:34 Man-at-Arms
19:30 Castle Age
18:16 Scale Mail Armor
18:09 Fletching
19:28 Double-Bit Axe
21:44 Bow Saw
23:41 Loom
25:54 Town Watch
27:24 Gold Mining
27:24 Stone Mining
28:00 Elite Skirmisher
33:07 Imperial Age
31:47 Pikeman
32:28 Squires
31:48 Long Swordsman
33:40 Bodkin Arrow
33:45 Padded Archer Armor
33:46 Scale Mail Armor
33:56 Forging
34:50 Two-Man Saw
Connection lost

Rejoining the realm…

Still unreachable

The connection could not be restored.

Session expired

The server has moved on; the page needs a fresh start.